Map: Frozen Temple

Players

Twister

  • Race: Terran Terran
  • League: Silver

Lacronimus - Winner!

  • Race: Protoss Protoss
  • League: Silver

VOD

Have the link to the VOD?

Description

Time

  • Played on: Oct. 12, 2016, 4:49 p.m.
  • Length: 10:15
Show
View Real Time Build Order
Export as new Build Order

Twister Terran 

Build Orders: MMM Bio 

Get SALT Encoding   

  12  0:01  SCV  
  13  0:14  SCV  
  14  0:19  Supply Depot  
  14  0:26  SCV  
  15  0:41  SCV  
  16  0:43  Barracks  
  16  0:51  Refinery  
  16  0:53  SCV  
  17  1:05  SCV  
  18  1:17  SCV  
  20  1:36  Orbital Command  
  20  1:39  Barracks Reactor  
  19  1:44  Command Center  
  19  1:56  Barracks  
  19  2:01  Supply Depot  
  19  2:15  SCV, Bunker  
  19  2:22  Marine  
  21  2:26  Marine  
  21  2:28  SCV  
  23  2:40  SCV  
  24  2:51  Engineering Bay, Barracks Tech Lab  
  24  2:52  SCV  
  24  2:53  Marine x2  
  28  3:01  Orbital Command  
  28  3:04  SCV  
  28  3:11  Marine  
  29  3:15  Supply Depot  
  29  3:16  SCV  
  29  3:18  Supply Depot  
  30  3:25  Marine x2  
  32  3:28  SCV  
  32  3:29  Combat Shields  
  33  3:35  Marine  
  33  3:40  SCV  
  35  3:43  Marine  
  35  3:44  Engineering Bay  
  35  3:46  SCV  
  37  3:52  SCV, Marine  
  37  3:53  Marine  
  40  3:59  Terran Infantry Weapons Level 1  
  40  4:01  Marine  
  41  4:10  Marine  
  41  4:11  Marine  
  43  4:19  Marine  
  44  4:28  Marine x2  
  46  4:36  Marine  
  45  4:46  Marine x2  
  45  4:47  Command Center  
  41  4:53  Barracks  
  41  4:54  Barracks, Marine  
  41  4:58  SCV x2, Factory  
  41  4:59  Supply Depot  
  42  5:04  Marine x2  
  44  5:10  SCV x2  
  44  5:11  Stimpack  
  44  5:12  Marine  
  47  5:22  SCV, Marine x2  
  47  5:23  SCV  
  51  5:30  Marine  
  51  5:34  SCV  
  51  5:35  SCV  
  54  5:38  Barracks  
  54  5:39  Marine  
  54  5:40  Marine  
  54  5:42  Terran Infantry Armor Level 1  
  56  5:44  Barracks Reactor  
  56  5:45  Barracks Reactor  
  56  5:48  Marine  
  57  5:57  Marine x2  
  59  6:05  Marine  
  60  6:12  Armory  
  60  6:15  Marine x2  
  60  6:16  Barracks  
  62  6:23  Marine  
  62  6:24  SCV  
  62  6:25  SCV, Barracks  
  65  6:33  Marine x2  
  65  6:34  Orbital Command  
  65  6:36  SCV  
  65  6:37  SCV  
  69  6:41  Marine  
  70  6:48  SCV  
  70  6:49  SCV, Marine x3  
  70  6:50  Marine  
  70  6:51  Marine x2  
  78  6:59  Marine  
  78  7:00  SCV  
  81  7:01  SCV  
  81  7:03  Factory  
  81  7:07  Marine x4  
  81  7:08  Marine  
  81  7:09  Marine  
  81  7:13  SCV x2  
  75  7:17  Marine  
  68  7:26  Marine x3  
  68  7:27  Marine x3  
  68  7:34  Marine  
  68  7:36  Bunker  
  56  7:44  Marine  
  56  7:51  Marine x3  
  49  8:02  Marine  
  47  8:09  Marine x3  
  47  8:17  Bunker  
  47  8:19  Marine  
  42  8:27  Marine x3  
  34  8:31  Command Center  
  36  8:37  Marine  
  36  8:44  Marine  
  36  8:45  Marine x2  
  39  8:50  Bunker  
  39  8:55  Marine  
  31  9:28  Marine  
  31  9:29  Marine x3  
  22  9:46  Marine  
  22  9:47  Marine  
Show
View Real Time Build Order
Export as new Build Order

Lacronimus Protoss - Winner!

Build Orders:  

Get SALT Encoding   

  12  0:04  Probe (Chrono Boost)  
  13  0:15  Pylon  
  13  0:19  Probe (Chrono Boost)  
  14  0:32  Assimilator  
  14  0:33  Probe (Chrono Boost)  
  15  0:43  Probe (Chrono Boost)  
  16  0:56  Probe (Chrono Boost)  
  17  1:07  Nexus  
  17  1:11  Probe (Chrono Boost)  
  18  1:22  Probe (Chrono Boost)  
  19  1:27  Gateway  
  20  1:32  Probe (Chrono Boost)  
  20  1:42  Gateway  
  20  1:43  Probe (Chrono Boost)  
  21  1:51  Assimilator  
  22  1:54  Probe (Chrono Boost)  
  22  2:04  Probe (Chrono Boost)  
  23  2:10  Gateway  
  24  2:25  Pylon  
  24  2:28  Probe x2 (Chrono Boost)  
  25  2:37  Gateway  
  25  2:38  Probe (Chrono Boost)  
  25  2:39  Probe (Chrono Boost)  
  27  2:47  Zealot  
  27  2:49  Probe x2 (Chrono Boost)  
  27  2:50  Zealot  
  33  3:01  Probe (Chrono Boost)  
  33  3:02  Probe (Chrono Boost)  
  35  3:12  Cybernetics Core, Probe x2 (Chrono Boost)  
  37  3:20  Pylon  
  37  3:23  Probe (Chrono Boost)  
  37  3:24  Pylon  
  37  3:25  Probe (Chrono Boost)  
  40  3:34  Zealot, Probe (Chrono Boost)  
  40  3:36  Probe (Chrono Boost)  
  40  3:37  Warp Gate  
  43  3:42  Zealot  
  43  3:45  Probe (Chrono Boost)  
  43  3:46  Probe (Chrono Boost)  
  47  3:51  Zealot  
  47  3:53  Zealot  
  51  3:57  Probe x2 (Chrono Boost)  
  53  4:07  Probe (Chrono Boost)  
  53  4:08  Pylon  
  56  4:11  Mothership Core (Chrono Boost)  
  56  4:13  Pylon  
  56  4:18  Probe (Chrono Boost)  
  56  4:23  Zealot  
  59  4:24  Twilight Council  
  59  4:29  Probe (Chrono Boost)  
  59  4:31  Probe (Chrono Boost)  
  61  4:33  Zealot  
  61  4:34  Zealot  
  63  4:39  Probe (Chrono Boost)  
  63  4:43  Probe (Chrono Boost)  
  61  4:51  Probe (Chrono Boost)  
  61  4:52  Zealot  
  62  4:53  Charge, Zealot  
  62  4:55  Probe (Chrono Boost)  
  63  5:00  Zealot  
  63  5:02  Probe (Chrono Boost)  
  63  5:04  Pylon  
  63  5:05  Pylon  
  67  5:07  Probe (Chrono Boost)  
  67  5:16  Probe (Chrono Boost)  
  67  5:17  Zealot  
  67  5:18  Robotics Facility  
  67  5:19  Probe (Chrono Boost)  
  71  5:26  Probe (Chrono Boost)  
  72  5:31  Gateway, Probe (Chrono Boost)  
  72  5:32  Gateway  
  73  5:37  Probe (Chrono Boost)  
  75  5:43  Probe (Chrono Boost)  
  75  5:46  Nexus  
  75  5:47  Probe (Chrono Boost)  
  76  5:55  Probe (Chrono Boost)  
  77  5:58  Probe (Chrono Boost)  
  78  6:07  Probe (Chrono Boost)  
  78  6:08  Zealot x3, Probe (Chrono Boost)  
  78  6:11  Nexus  
  86  6:14  Warp Prism  
  88  6:29  Forge  
  88  6:32  Pylon, Zealot x2  
  90  6:33  Zealot  
  90  6:35  Pylon  
  94  6:45  Pylon  
  94  6:49  Pylon  
  94  6:50  Pylon  
  94  6:51  Observer  
  95  6:55  Zealot  
  95  6:56  Zealot  
  95  6:57  Zealot  
  95  6:59  Zealot  
  95  7:00  Zealot  
  105  7:01  Zealot  
  105  7:11  Pylon  
  105  7:13  Probe (Chrono Boost)  
  105  7:14  Pylon  
  105  7:15  Probe (Chrono Boost)  
  107  7:16  Pylon  
  107  7:22  Zealot x2  
  107  7:23  Zealot x4  
  107  7:27  Probe (Chrono Boost)  
  116  7:38  Protoss Ground Weapons Level 1  
  98  7:48  Zealot x3  
  98  7:49  Zealot x3  
  97  8:02  Gateway x2  
  97  8:05  Gateway  
  91  8:09  Gateway  
  87  8:15  Zealot x5  
  87  8:16  Zealot  
  89  8:37  Zealot x2  
  89  8:38  Zealot x4  
  101  8:59  Zealot x5  
  101  9:00  Zealot x2  
  95  9:14  Zealot x3  
  99  9:22  Zealot x4  
  99  9:23  Zealot x2  
  111  9:36  Zealot x4, Probe (Chrono Boost)  
Tags
 
Add a new tag
Caveats
  • Supply blocks, unpowered buildings, or Contaminate may cause inaccurate times.
  • Supply counts are checked every 10 seconds.